 Dungeon Sprint DCSS version 0.30-a0-845-g7c6808c8ce (webtiles) character file.

Game seed: 5797251092184985595

2544 rocky1 the Destroyer (level 9, -2/41 (60) HPs)
             Began as a Tengu Reaver on Mar 2, 2023.
             Was an Elder of Okawaru.
             Slain by a hellwing (7 damage)
             ... summoned by a kobold demonologist
             ... in the Dungeon (Sprint VII: "The Pits").
             The game lasted 00:06:08 (1723 turns).

rocky1 the Destroyer (Tengu Reaver)                 Turns: 1723, Time: 00:06:09

HP:   -2/41 (60)    AC: 15    Str: 15    XL:     9   Next: 55%
MP:   13/22         EV: 16    Int: 16    God:    Okawaru [****..]
Gold: 0             SH:  0    Dex: 15    Spells: 19/25 levels left

rFire   . . .      SeeInvis .    u - +2 scimitar (holy)
rCold   . . .      Faith    .    (no shield)
rNeg    . . .      Spirit   .    n - +3 scale mail
rPois   .          Reflect  .    (helmet restricted)
rElec   .          Rampage  .    t - +0 cloak
rCorr   .          NoTele   +    s - +0 pair of gloves
Will    .....                    (boots unavailable) Stlth
                                 (no amulet)
HPRegen 0.26/turn                o - +3 ring of strength
MPRegen 0.18/turn                p - +3 ring of protection

@: flying quickly and evasively, very heavily drained, quick
A: beak, talons 3, nimble flight
a: Renounce Religion, Heroism, Finesse


You were in the Dungeon.
You worshipped Okawaru.
Okawaru was greatly pleased with you.
You visited 1 branch

Inventory:

Hand Weapons
 u - a +2 scimitar of holy wrath (weapon)
Armour
 n - a +3 scale mail (worn)
 s - a +0 pair of gloves (worn)
 t - a +0 cloak (worn)
Jewellery
 o - a +3 ring of strength (left hand)
 p - a +3 ring of protection (right hand)
Scrolls
 h - a scroll of blinking
 j - 5 scrolls of amnesia
 k - a scroll of summoning
Potions
 c - 7 potions of curing
 d - 10 potions of heal wounds
 e - a potion of haste
 f - 4 potions of magic
 g - 3 potions of berserk rage
 i - 2 potions of invisibility
 q - 2 potions of brilliance
 r - a potion of might


   Skills:
 + Level 8.7 Fighting
 + Level 10.1 Long Blades
 + Level 3.0 Armour
 + Level 9.4 Dodging
 * Level 8.5 Spellcasting
 + Level 11.8 Conjurations
 + Level 3.0 Necromancy
 + Level 2.2 Translocations
 + Level 2.4 Ice Magic
 - Level 7.1 Invocations


You had 19 spell levels left.
You knew the following spells:

 Your Spells              Type           Power      Damage    Failure   Level
a - Kiss of Death         Conj/Necr      100%       2d13      1%          1
b - Momentum Strike       Conj/Tloc      58%        3d9       3%          2
c - Hailstorm             Conj/Ice       29%        3d8       6%          3

Your spell library contained the following spells:

 Spells                   Type           Power      Damage    Failure   Level


Dungeon Overview and Level Annotations

Branches:
Dungeon (1/1)

Altars:
Ashenzari
Cheibriados
Dithmenos
Elyvilon
Fedhas
Gozag
Hepliaklqana
Kikubaaqudgha
Makhleb
Nemelex Xobeh
Okawaru
Qazlal
Ru
Sif Muna
Trog
Uskayaw
Vehumet
Wu Jian
Xom
Yredelemnul
Zin
The Shining One
Jiyva
Lugonu


Innate Abilities, Weirdness & Mutations

You have a beak for a mouth.
You have claws for feet.
Your magical nature lets you fly swiftly and evasively.


Message History

The kobold demonologist casts a spell.
Casting: Kiss of Death (safe; 1% risk of failure)
Confirm with . or Enter, or press ? or * to list all spells.
Aiming: Kiss of Death (safe; 1% risk of failure)
Press: ? - help, Shift-Dir - straight line, f/p - kobold demonologist
Aim: a kobold demonologist, wielding a +0 dagger and wearing a +0 robe (heavily wounded, lightly drained, 100% to hit)
The negative energy hits the kobold demonologist!
The kobold demonologist is drained!
The kobold demonologist is almost dead.
You feel drained.
The kobold demonologist mumbles some strange words.
The smoke demon hits you but does no damage.
The smoke demon barely misses you.
The smoke demon hits you but does no damage.
You closely miss the kobold demonologist.
Your kick misses the kobold demonologist.
The kobold demonologist is almost dead.
The kobold demonologist completely misses you.
You hit the kobold demonologist but do no damage.
You claw the kobold demonologist, but do no damage.
The kobold demonologist is almost dead.
The hellwing hits you but does no damage. x2
The smoke demon hits you but does no damage.
The smoke demon closely misses you. x2
The kobold demonologist hits you but does no damage.
You barely miss the kobold demonologist.
The kobold demonologist is almost dead.
The hellwing hits you!
* * * LOW HITPOINT WARNING * * *
The hellwing hits you but does no damage.
The smoke demon hits you.
* * * LOW HITPOINT WARNING * * *
The smoke demon hits you but does no damage. x2
The kobold demonologist misses you.
You completely miss the kobold demonologist.
Your kick misses the kobold demonologist.
Your peck misses the kobold demonologist.
The kobold demonologist is almost dead.
The hellwing hits you!
You die...

.....##..#..#####.##
.....##..#....##...#
.....##..).....#...#
#######..'.....'...+
#######..'.....#...#
#..[[##..#....##...#
#....##..#..#####.##
'..))##..####...#)######
#..))##..##....K@3.......
#..))##..#......4.......#
#########################


You could see a hellwing (summoned), a kobold demonologist (drained) and a smoke
demon (summoned).

Vanquished Creatures
  A deep elf pyromancer (D)
  A merfolk siren (D)
  A rime drake (D)
  A fire bat (D)
  A redback (D)
  2 wargs (D)
  A floating eye (D)
  2 orc warriors (D)
  4 wolves (D)
  4 scorpions (D)
  A hound (D)
  An orc priest (D)
  2 orc wizards (D)
  2 mummies (D)
  An adder (D)
  2 white imps (D)
  5 orcs (D)
  A bat (D)
  An endoplasm (D)
  4 jackals (D)
  A quokka (D)
  A ball python (D)
  A kobold (D)
  A quokka skeleton (D)
42 creatures vanquished.

Notes
Turn   | Place    | Note
-------+----------+-------------------------------------------
     0 | D        | rocky1 the Tengu Reaver began the quest for the Orb.
     0 | D        | Reached XP level 1. HP: 12/12 MP: 4/4
    45 | D        | Found a bloodstained altar of Trog.
    45 | D        | Found a shimmering blue altar of Sif Muna.
    45 | D        | Found a viscous altar of Jiyva.
    45 | D        | Found a hazy altar of Hepliaklqana.
    45 | D        | Found an opulent altar of Gozag.
    46 | D        | Found a glowing golden altar of the Shining One.
    46 | D        | Found a glowing silver altar of Zin.
    46 | D        | Found a basalt altar of Yredelemnul.
    46 | D        | Found a shimmering altar of Xom.
    46 | D        | Found an ornate altar of the Wu Jian Council.
    46 | D        | Found a sacrificial altar of Ru.
    46 | D        | Found a stormy altar of Qazlal.
    46 | D        | Found an iron altar of Okawaru.
    46 | D        | Found a sparkling altar of Nemelex Xobeh.
    46 | D        | Found a burning altar of Makhleb.
    46 | D        | Found a blossoming altar of Fedhas.
    46 | D        | Found a white marble altar of Elyvilon.
    46 | D        | Found a shadowy altar of Dithmenos.
    46 | D        | Found a snail-covered altar of Cheibriados.
    49 | D        | Found a corrupted altar of Lugonu.
    49 | D        | Found a radiant altar of Vehumet.
    50 | D        | Found an ancient bone altar of Kikubaaqudgha.
    50 | D        | Found a hide-covered altar of Uskayaw.
    50 | D        | Found a broken altar of Ashenzari.
    64 | D        | Became a worshipper of Warmaster Okawaru
    81 | D        | Reached XP level 2. HP: 14/18 MP: 3/6
   111 | D        | Noticed a scorpion
   111 | D        | Noticed a floating eye
   114 | D        | Killed a scorpion
   114 | D        | Paralysed by a floating eye for 3 turns
   115 | D        | Reached skill level 6 in Conjurations
   115 | D        | Reached XP level 3. HP: 18/23 MP: 5/8
   115 | D        | Reached XP level 4. HP: 22/28 MP: 6/10
   119 | D        | Killed a floating eye
   119 | D        | Reached * piety under Okawaru
   120 | D        | Reached skill level 5 in Long Blades
   120 | D        | Reached skill level 5 in Dodging
   120 | D        | Reached skill level 7 in Conjurations
   120 | D        | Gained mutation: Your magical nature lets you fly swiftly
                  | and evasively. [Tengu growth]
   120 | D        | Reached XP level 5. HP: 28/34 MP: 6/12
   163 | D        | Learned a level 2 spell: Momentum Strike
   167 | D        | Learned a level 3 spell: Hailstorm
   188 | D        | Reached skill level 5 in Fighting
   188 | D        | Reached XP level 6. HP: 23/40 MP: 10/14
   191 | D        | Reached skill level 5 in Spellcasting
   191 | D        | Reached skill level 8 in Conjurations
   599 | D        | Noticed an orc warrior
   607 | D        | Noticed a warg
   622 | D        | Killed an orc warrior
   622 | D        | Reached ** piety under Okawaru
   623 | D        | Reached skill level 9 in Conjurations
   623 | D        | Reached skill level 5 in Invocations
   623 | D        | Reached XP level 7. HP: 19/46 MP: 14/16
   639 | D        | Killed a warg
   690 | D        | Noticed a fire bat
   704 | D        | Killed a fire bat
   827 | D        | Reached skill level 10 in Conjurations
   838 | D        | Reached XP level 8. HP: 31/53 MP: 17/19
  1115 | D        | Noticed a deep elf pyromancer
  1115 | D        | Noticed a rime drake
  1120 | D        | Killed a rime drake
  1120 | D        | Reached *** piety under Okawaru
  1127 | D        | Killed a deep elf pyromancer
  1128 | D        | Reached skill level 11 in Conjurations
  1364 | D        | Noticed a merfolk siren
  1371 | D        | Reached XP level 9. HP: 17/59 MP: 18/21
  1377 | D        | Reached skill level 1 in Armour
  1377 | D        | Reached skill level 1 in Necromancy
  1377 | D        | Reached skill level 1 in Ice Magic
  1384 | D        | Killed a merfolk siren
  1384 | D        | Reached **** piety under Okawaru
  1385 | D        | Reached skill level 1 in Translocations
  1692 | D        | Reached skill level 10 in Long Blades
  1714 | D        | Noticed a kobold demonologist
  1719 | D        | Noticed a smoke demon
  1720 | D        | Noticed a hellwing
  1723 | D        | Slain by a hellwing

Illustrated notes

Levels and vault maps discovered:
D:        pitsprint [storerooms_1, entrance_room_1, metal_vault_1, armoury_3,
          mini_pit_1, grid_room_1, main_hall_1, silver_pit, the_coven_2,
          the_vestibule_1, steel_vault_4, golden_pit, hallway_of_sentries,
          crystal_vault_4, iron_vault_4, final_vault]

Skill      XL: |  1  2  3  4  5  6  7  8  9 |
---------------+----------------------------+-----
Fighting       | 3 4 5 6 7 8 |  8.7
Long Blades    | 4 5 6 7 8 9 10 | 10.1
Dodging        | 3 5 6 7 8 9 |  9.4
Spellcasting   | 3 4 5 6 7 8 |  8.5
Conjurations   | 6 7 9 10 11 | 11.8
Invocations    | 2 3 4 5 6 7 |  7.1
Armour         | 3 |  3.0
Necromancy     | 3 |  3.0
Ice Magic      | 2 |  2.4
Translocations | 2 |  2.2

Action                     |  1- 3 |  4- 6 |  7- 9 || total
---------------------------+-------+-------+-------++-------
  Melee: Falchion          |     7 |    16 |       ||    23
         Kick              |     3 |     7 |    21 ||    31
         Peck              |       |     4 |    17 ||    21
         Long sword        |       |    11 |    49 ||    60
         Punch             |       |       |     2 ||     2
         Scimitar          |       |       |    36 ||    36
   Cast: Kiss of Death     |     3 |     4 |    10 ||    17
         Hailstorm         |       |       |     6 ||     6
 Invoke: Heroism           |       |       |     1 ||     1
    Use: Potion            |       |     1 |     2 ||     3
 Armour: Leather armour    |     4 |       |       ||     4
         Scale mail        |       |       |    31 ||    31
  Dodge: Dodged            |     1 |    19 |    54 ||    74

Table legend: (Time is in decaauts)
 A = Elapsed time spent in this place.
 B = Non-inter-level travel time spent in this place.
 C = Inter-level travel time spent in this place.
 D = Time resting spent in this place.
 E = Time spent auto-exploring this place.
 F = Levels seen in this place.
 G = Mean time per level.
                   A        B        C        D        E       F      G
               +--------+--------+--------+--------+--------+-----+--------+
         Total |   1695 |   1633 |     62 |   1216 |      0 |   1 | 1695.0 |
       Dungeon |   1695 |   1633 |     62 |   1216 |      0 |   1 | 1695.0 |
               +--------+--------+--------+--------+--------+-----+--------+

Top non-repeatable levels by time:
       D: 1695 daAuts
